 Dungeon Crawl Stone Soup version 0.28.0-53-g5a82cb258f (webtiles) character file.

Game seed: 2067405450352044264

58 Gabide the Skirmisher (level 3, -1/29 HPs)
             Began as a Mummy Monk on May 28, 2022.
             Slain by a gnoll
             ... wielding a +0 whip
              (5 damage)
             ... on level 1 of the Dungeon.
             The game lasted 00:02:21 (1870 turns).

Gabide the Skirmisher (Mummy Monk)                  Turns: 1870, Time: 00:02:22

Health: -1/29      AC:  6    Str: 14    XL:     3   Next: 75%
Magic:  3/3        EV: 11    Int:  9    God:
Gold:   128        SH:  0    Dex: 16    Spells: 2/2 levels left

rFire   x . .      SeeInvis .     - Unarmed
rCold   + . .      Faith    .   (no shield)
rNeg    + + +      Spirit   .   d - +0 ring mail
rPois   ∞          Reflect  .   (no helmet)
rElec   .          Harm     .   (no cloak)
rCorr   .          Rampage  .   j - +0 pair of gloves
Will    .....                   (no boots)
Stlth   +.........              (no amulet)
HPRegen 0.09/turn               g - ring of flight
MPRegen 0.08/turn               (no ring)

@: flying
A: cold resistance 1, negative energy resistance 3, torment resistance 2, heat
vulnerability 1, no potions
a: no special abilities


You were on level 1 of the Dungeon.
You visited 1 branch of the dungeon, and saw 2 of its levels.

You collected 128 gold pieces.

Inventory:

Armour
 a - a +0 robe
 d - a +0 ring mail (worn)
 j - a +0 pair of gloves (worn)
Jewellery
 g - a ring of flight (left hand)
Scrolls
 b - a scroll of teleportation {unknown}
 c - a scroll of enchant weapon {unknown}
 e - a scroll of immolation {unknown}
 f - a scroll of amnesia {unknown}
 h - a scroll of identify {unknown}
 i - a scroll of fog {unknown}


   Skills:
 - Level 3.0 Fighting
 + Level 1.5 Armour
 - Level 3.0 Dodging
 - Level 1.5 Stealth
 - Level 3.0 Unarmed Combat


You had 2 spell levels left.
You didn't know any spells.
Your spell library was empty.

Dungeon Overview and Level Annotations

Branches:
Dungeon (2/15)

Altars:


Innate Abilities, Weirdness & Mutations

You are immune to poison.
Your flesh is cold resistant. (rC+)
You are immune to negative energy. (rN+++)
You are immune to unholy pain and torment.
You are vulnerable to heat. (rF-)
You do not drink.


Message History

You closely miss the giant cockroach.
The giant cockroach is severely wounded.
The gnoll closely misses you. The giant cockroach misses you.
You hit the giant cockroach.
The giant cockroach is almost dead.
The gnoll hits you from afar with a +0 spear.
The giant cockroach bites you.
You hit the giant cockroach but do no damage.
The giant cockroach is almost dead.
The gnoll hits you from afar with a +0 spear.
The giant cockroach bites you but does no damage.
You barely miss the giant cockroach.
The giant cockroach is almost dead.
The giant cockroach barely misses you. The gnoll hits you but does no damage.
You hit the giant cockroach.
You kill the giant cockroach!
The gnoll hits you from afar with a +0 spear.
* * * LOW HITPOINT WARNING * * *
Found a stone staircase leading up.
There is a stone staircase leading up here.
The gnoll barely misses you.
You fly upwards.
There is a stone staircase leading down here.
You hit the gnoll but do no damage.
The gnoll is heavily wounded.
The gnoll barely misses you.
You barely miss the gnoll.
The gnoll is heavily wounded.
The gnoll hits you with a +0 whip.
* * * LOW HITPOINT WARNING * * *
Things that are here:
2 stones; a +0 dagger
Okay, then.
You closely miss the gnoll.
The gnoll is heavily wounded.
The gnoll barely misses you.
You barely miss the gnoll.
The gnoll is heavily wounded.
The gnoll hits you with a +0 whip.
You die...

##...........##
##.............##
#...............#
#...............#
#...............#
#...............#
#...............#
##..........g..##
##.....#...@.##
#############


You could see a gnoll.

Vanquished Creatures
  An adder (D:2)
  A worm (D:2)
  2 dart slugs (D:1)
  3 endoplasms
  4 giant cockroaches
  3 hobgoblins
  4 jackals (D:1)
  2 quokkas (D:2)
  7 bats (D:1)
  5 goblins
  2 kobolds (D:1)
  3 rats (D:1)
37 creatures vanquished.

Notes
Turn   | Place    | Note
-------+----------+-------------------------------------------
     0 | D:1      | Gabide the Mummy Monk began the quest for the Orb.
     0 | D:1      | Reached XP level 1. HP: 18/18 MP: 1/1
   209 | D:1      | Reached XP level 2. HP: 15/24 MP: 2/2
   963 | D:1      | Reached XP level 3. HP: 24/29 MP: 3/3
  1675 | D:2      | Reached skill level 1 in Armour
  1870 | D:1      | Slain by a gnoll

Illustrated notes

Levels and vault maps discovered:
D:1:      dpeg_arrival_simpleton_a, layout_rooms
D:2:      layout_basic

Skill      XL: |  1  2  3 |
---------------+----------+-----
Dodging        | 3 |  3.0
Unarmed Combat | 3 |  3.0
Armour         | 1 |  1.5
Fighting       | |  3.0
Stealth        | |  1.5

Action                   || total
-------------------------++-------
Melee: Unarmed           ||   183
       Punch             ||     4
 Stab: Sleeping          ||     2
Armor: Robe              ||    19
       Ring mail         ||    34
Dodge: Dodged            ||   116
